 Dungeon Sprint DCSS version 0.27-a0-412-g8dd771eca2 (webtiles) character file.

Game seed: 2762875599621852541

1012 Gaff the Spear-Bearer (level 8, -7/85 HPs)
             Began as a Minotaur Berserker on Feb 24, 2021.
             Was a Priest of Trog.
             Killed from afar by a ynoxinul (23 damage)
             ... with an iron shot
             ... summoned by a kobold demonologist
             ... in the Dungeon (Sprint I: "Red Sonja").
             The game lasted 00:01:55 (1032 turns).

Gaff the Spear-Bearer (Minotaur Berserker)          Turns: 1032, Time: 00:01:55

Health: -7/85      AC:  4    Str: 24    XL:     8   Next: 1%
Magic:  7/7        EV: 14    Int:  4    God:    Trog [***...]
Gold:   424        SH:  0    Dex: 10    Spells: 7/7 levels left

rFire    . . .     SeeInvis .   j - +0 scythe
rCold    . . .     Faith    .   (shield currently unavailable)
rNeg     . . .     Spirit   .   i - +0 leather armour
rPois    .         Reflect  .   (helmet restricted)
rElec    .         Harm     .   (no cloak)
rCorr    .         Rampage  .   (no gloves)
Will     .....     NoTele   +   (no boots)
Stlth    +.........             (no amulet)
HPRegen  0.24/turn              (no ring)
MPRegen  0.10/turn              (no ring)

@: liquid flames, berserk cooldown, slowed, glowing, very slow
A: retaliatory headbutt, horns 2
a: Renounce Religion, Berserk, Trog's Hand


You were in the Dungeon.
You worshipped Trog.
Trog was most pleased with you.
You visited 1 branch You collected 424 gold pieces.

Inventory:

Hand Weapons
 a - a +0 spear
 j - a +0 scythe (weapon)
 l - a +0 arbalest
Armour
 b - a +0 animal skin
 i - a +0 leather armour (worn)
 k - a +2 robe of willpower
Scrolls
 h - a scroll of blinking
Potions
 c - a potion of curing
 d - a potion of heal wounds
 e - a potion of haste
 f - 2 potions of magic
 g - a potion of berserk rage


   Skills:
 + Level 12.7 Fighting
 + Level 13.2 Polearms
 + Level 8.0 Armour
 + Level 6.5 Dodging
 + Level 0.9 Stealth


You had 7 spell levels left.
You didn't know any spells.
Your spell library was empty.

Dungeon Overview and Level Annotations

Branches:
Dungeon (1/1)

Altars:
Cheibriados
Dithmenos
Elyvilon
Fedhas
Gozag
Hepliaklqana
Kikubaaqudgha
Makhleb
Nemelex Xobeh
Okawaru
Qazlal
Ru
Sif Muna
Trog
Uskayaw
Vehumet
Wu Jian
Xom
Yredelemnul
Zin
The Shining One
Jiyva
Lugonu

Shops:
D (


Innate Abilities, Weirdness & Mutations

You reflexively headbutt those who attack you in melee.
You have a pair of horns on your head.


Message History

The ynoxinul barely misses you. You furiously retaliate!
You headbutt the ynoxinul! The smoke demon hits you.
The smoke demon barely misses you. The smoke demon closely misses you.
The crimson imp hits you but does no damage.
You slash the kobold demonologist!
The kobold demonologist is severely wounded.
You are no longer berserk.
You are exhausted.
You feel yourself slow down.
The kobold demonologist barely misses you.
The crimson imp blinks!
The ynoxinul gestures.
The smoke demon gestures at you. Something smites you!
The crimson imp hits you but does no damage.
You completely miss the kobold demonologist.
Your headbutt misses the kobold demonologist.
The kobold demonologist is severely wounded.
The kobold demonologist hits you but does no damage.
The ynoxinul gestures.
The smoke demon hits you! The smoke demon hits you.
The smoke demon barely misses you. The crimson imp hits you.
The kobold demonologist casts a cantrip, but nothing happens.
The ynoxinul gestures.
You closely miss the kobold demonologist.
The kobold demonologist is severely wounded.
The smoke demon gestures at you. Something smites you!
* * * LOW HITPOINT WARNING * * *
The crimson imp blinks!
The kobold demonologist hits you but does no damage.
The ynoxinul gestures at you. The iron shot misses you.
The iron shot hits the ufetubus!!
The ufetubus dies!
The smoke demon gestures at you. The sticky flame hits you.
You are covered in liquid flames!
* * * LOW HITPOINT WARNING * * *
The kobold demonologist casts a spell.
The ynoxinul gestures at you. The iron shot hits you!!
You die...

######################
..'..#..'..#__#3@55..#
).#..'..#..'.553K#...#
####'#####'#_5#### 5.+
###..#...#.#### ##
__####..##.#
_____##'#_.+
_.∩...†..._#
_..__##_.#'#
_____###+#.#


You could see a kobold demonologist, a smoke demon (summoned), a ynoxinul
(summoned), a quasit (summoned), 3 crimson imps and 2 ufetubi.

Vanquished Creatures
  A kobold demonologist (D)
  A slime creature (D)
  Sigmund (D)
  A yak (D)
  A floating eye (D)
  An ogre (D)
  A jelly (D)
  Ijyb (D)
8 creatures vanquished.

Notes
Turn   | Place    | Note
-------+----------+-------------------------------------------
     0 | D        | Gaff the Minotaur Berserker began the quest for the Orb.
     0 | D        | Reached XP level 1. HP: 19/19 MP: 0/0
     1 | D        | Noticed Ijyb
     8 | D        | Killed Ijyb
     9 | D        | Reached skill level 5 in Fighting
     9 | D        | Reached skill level 5 in Polearms
     9 | D        | Reached XP level 2. HP: 29/29 MP: 1/1
    51 | D        | Noticed an ogre
    62 | D        | Killed an ogre
    63 | D        | Reached skill level 7 in Polearms
    63 | D        | Reached XP level 3. HP: 24/40 MP: 2/2
    63 | D        | Reached XP level 4. HP: 29/48 MP: 3/3
   249 | D        | Noticed Sigmund
   266 | D        | Killed Sigmund
   266 | D        | Reached ** piety under Trog
   267 | D        | Reached skill level 10 in Polearms
   267 | D        | Reached skill level 5 in Armour
   267 | D        | Reached XP level 5. HP: 33/58 MP: 4/4
   267 | D        | Reached XP level 6. HP: 37/66 MP: 5/5
   520 | D        | Found an ornate altar of the Wu Jian Council.
   520 | D        | Found a shimmering blue altar of Sif Muna.
   522 | D        | Found a radiant altar of Vehumet.
   528 | D        | Reached skill level 10 in Fighting
   528 | D        | Reached skill level 5 in Dodging
   576 | D        | Found Dajobemm's Weapon Emporium.
   576 | D        | Found an ancient bone altar of Kikubaaqudgha.
   576 | D        | Found a hazy altar of Hepliaklqana.
   576 | D        | Found a stormy altar of Qazlal.
   576 | D        | Found a hide-covered altar of Uskayaw.
   576 | D        | Found a blossoming altar of Fedhas.
   576 | D        | Found a bloodstained altar of Trog.
   576 | D        | Found an iron altar of Okawaru.
   576 | D        | Found a basalt altar of Yredelemnul.
   576 | D        | Found a glowing golden altar of the Shining One.
   576 | D        | Found a snail-covered altar of Cheibriados.
   576 | D        | Found a sacrificial altar of Ru.
   576 | D        | Found a glowing silver altar of Zin.
   576 | D        | Found a shadowy altar of Dithmenos.
   576 | D        | Found a white marble altar of Elyvilon.
   576 | D        | Noticed a yak
   580 | D        | Killed a yak
   581 | D        | Reached skill level 11 in Polearms
   581 | D        | Found an opulent altar of Gozag.
   601 | D        | Found a sparkling altar of Nemelex Xobeh.
   790 | D        | Found a viscous altar of Jiyva.
   790 | D        | Found a corrupted altar of Lugonu.
   790 | D        | Noticed a slime creature
   791 | D        | Found a burning altar of Makhleb.
   791 | D        | Found a shimmering altar of Xom.
   798 | D        | Killed a slime creature
   798 | D        | Reached *** piety under Trog
   799 | D        | Reached skill level 12 in Polearms
   799 | D        | Reached XP level 7. HP: 30/75 MP: 6/6
  1014 | D        | Noticed a kobold demonologist
  1014 | D        | Noticed a kobold demonologist
  1015 | D        | Paralysed by a floating eye for 2 turns
  1021 | D        | Noticed a smoke demon
  1025 | D        | Noticed a ynoxinul
  1026 | D        | Killed a kobold demonologist
  1027 | D        | Reached skill level 13 in Polearms
  1027 | D        | Reached XP level 8. HP: 85/85 MP: 7/7
  1032 | D        | Killed from afar by a ynoxinul

Illustrated notes

Levels and vault maps discovered:
D:        dungeon_sprint_1 [red_sonja_temple_1, red_sonja_temple_small_1]

Skill      XL: |  1  2  3  4  5  6  7 |
---------------+----------------------+-----
Fighting       | 5 7 9 11 12 | 12.7
Polearms       | 5 7 10 12 13 | 13.2
Armour         | 3 4 5 7 8 |  8.0
Dodging        | 3 4 6 |  6.5
Stealth        | |  0.9

Action                   |  1- 3 |  4- 6 |  7- 9 || total
-------------------------+-------+-------+-------++-------
Melee: Spear             |    10 |     9 |       ||    19
       Headbutt          |     1 |     7 |     1 ||     9
       Scythe            |       |    14 |    16 ||    30
Invok: Berserk           |     2 |       |     1 ||     3
Armor: Leather armour    |       |     2 |     9 ||    11
Dodge: Dodged            |     3 |     8 |    23 ||    34

Table legend: (Time is in decaauts)
 A = Elapsed time spent in this place.
 B = Non-inter-level travel time spent in this place.
 C = Inter-level travel time spent in this place.
 D = Time resting spent in this place.
 E = Time spent auto-exploring this place.
 F = Levels seen in this place.
 G = Mean time per level.
                   A        B        C        D        E       F      G
               +--------+--------+--------+--------+--------+-----+--------+
         Total |   1047 |   1047 |      0 |    853 |      0 |   1 | 1047.0 |
       Dungeon |   1047 |   1047 |      0 |    853 |      0 |   1 | 1047.0 |
               +--------+--------+--------+--------+--------+-----+--------+

Top non-repeatable levels by time:
       D: 1047 daAuts
